 Dungeon Crawl Stone Soup version 0.31-a0-846-gb3bcc0d938 (webtiles) character file.

Game seed: 11940793386850939014

1054 wildpjah the Slasher (level 8, 0/60 HPs)
             Began as a Merfolk Gladiator on Oct 3, 2023.
             Was a Priest of Dithmenos.
             Succumbed to a water moccasin's poison
             ... on level 6 of the Dungeon.
             The game lasted 00:13:19 (5744 turns).

wildpjah the Slasher (Merfolk Gladiator)            Turns: 5744, Time: 00:13:19

Health: 0/60       AC:  6    Str: 14    XL:     8   Next: 26%
Magic:  8/8        EV: 15    Int:  8    God:    Dithmenos [***...]
Gold:   276        SH:  5    Dex: 17    Spells: 7/7 levels left

rFire   . . .        a - +0 long sword
rCold   . . .        (no shield)
rNeg    + . .        b - +0 leather armour
rPois   .            c - +0 helmet
rElec   .            g - scarf {shadows}
rCorr   .            (no gloves)
SInv    .            p - +1 pair of boots
Will    .....        y - amulet of reflection
Stlth   +++          w - ring of wizardry
HPRegen 0.30/turn    K - ring of positive energy
MPRegen 0.11/turn

%: reflection, wizardry (x1)
@: lethally poisoned (0 -> -15), wreathed by umbra
A: (nimble swimmer 2), mertail
a: Renounce Religion, Shadow Step


You were on level 6 of the Dungeon.
You worshipped Dithmenos.
Dithmenos was most pleased with you.
You visited 2 branches of the dungeon, and saw 7 of its levels.
You also visited: Ossuary.

You collected 276 gold pieces.

Inventory:

Hand Weapons
 a - a +0 long sword (weapon)
 n - a +2 dagger of draining
Missiles
 d - 2 throwing nets
 o - 32 stones
 x - 8 poisoned darts
 F - 5 boomerangs
Armour
 b - a +0 leather armour (worn)
 c - a +0 helmet (worn)
 f - a +0 chain mail
 g - a scarf of shadows (worn)
 j - a +0 plate armour
 p - a +1 pair of boots (worn)
Jewellery
 w - a ring of wizardry (left hand)
 y - an amulet of reflection (around neck)
 K - a ring of positive energy (right hand)
Wands
 B - a wand of flame (50)
 E - a wand of paralysis (20)
 G - a wand of polymorph (3)
Scrolls
 e - 7 scrolls of identify
 h - a scroll of fog
 i - a scroll of vulnerability
 k - a scroll of acquirement {unknown}
 u - 8 scrolls of teleportation
 I - a scroll of enchant weapon {unknown}
 J - a scroll of enchant armour
 L - a scroll of poison
Potions
 l - 2 potions of haste {unknown}
 m - 2 potions of attraction
 r - a potion of cancellation {unknown}
 s - 3 potions of enlightenment {unknown}
 t - 3 potions of heal wounds {unknown}
 z - 2 potions of resistance {unknown}
 A - a potion of might {unknown}
 C - a potion of lignification {unknown}
 D - a potion of mutation {unknown}
 H - a potion of berserk rage {unknown}


   Skills:
 + Level 4.2 Fighting
 + Level 1.1(4.9) Short Blades
 + Level 7.6(7.7) Long Blades
 + Level 2.2 Throwing
 + Level 2.1 Armour
 * Level 6.7 Dodging
 + Level 2.9 Stealth
 + Level 2.2 Shields
 + Level 0.3 Unarmed Combat


You had 7 spell levels left.
You didn't know any spells.
Your spell library contained the following spells:

 Spells                   Type           Power      Damage    Failure   Level
 Foxfire                  Conj/Fire      0%         2x1d4     21%         1
 Kiss of Death            Conj/Necr      0%         2d5       21%         1
 Necrotise                Necr           0%         1d4       21%         1
 Confusing Touch          Hex            0%         N/A       52%         3
 Inner Flame              Hex/Fire       0%         N/A       52%         3
 Vampiric Draining        Necr           0%         2d6       52%         3
 Dispel Undead            Necr           0%         3d6       88%         4
 Agony                    Necr           0%         N/A       99%         5
 Yara's Violent Unravell  Hex/Tmut       0%         3d3       99%         5
 Plasma Beam              Fire/Air       0%         2x1d10    100%        6
 Starburst                Conj/Fire      0%         6d3       100%        6
 Enfeeble                 Hex            0%         N/A       100%        7


Dungeon Overview and Level Annotations

Branches:
Dungeon (6/15)             Temple (1/1) D:5         Ossuary (visited)

Altars:
Ashenzari
Cheibriados
Dithmenos
Gozag
Hepliaklqana
Kikubaaqudgha
Makhleb
Nemelex Xobeh
Okawaru
Qazlal
Sif Muna
Trog
Uskayaw
Vehumet
Wu Jian
Xom
Yredelemnul
Zin

Annotations:
D:6 Menkaure


Innate Abilities, Weirdness & Mutations

((You are very nimble when in or above water. (Stealth+, EV+, Speed+++)))
Your lower body shifts to a powerful aquatic tail in water.


Message History

* * * LOW HITPOINT WARNING * * *
The water moccasin misses you.
You miss the water moccasin.
The water moccasin is severely wounded.
The water moccasin closely misses you.
You barely miss the water moccasin.
The water moccasin is severely wounded.
The water moccasin barely misses you.
The water moccasin bites you but does no damage.
You hit the water moccasin but do no damage.
The water moccasin is severely wounded.
The water moccasin barely misses you.
You barely miss the water moccasin.
The water moccasin is severely wounded.
The water moccasin closely misses you.
You barely miss the water moccasin.
The water moccasin is severely wounded.
The water moccasin bites you.
* * * LOW HITPOINT WARNING * * *
Menkaure calls on the powers of darkness!
The water moccasin convulses!
Your body is wracked with pain!
* * * LOW HITPOINT WARNING * * *
The water moccasin bites you.
* * * LOW HITPOINT WARNING * * *
You hit the water moccasin.
The water moccasin is almost dead.
The water moccasin misses you.
You barely miss the water moccasin.
The water moccasin is almost dead.
The water moccasin bites you.
* * * LOW HITPOINT WARNING * * *
You are lethally poisoned!
The water moccasin poisons you!
Menkaure's bandages flutter.
Menkaure calls on the powers of darkness!
The water moccasin convulses!
You feel a surge of unholy energy. The water moccasin closely misses you.
You barely miss the water moccasin.
The water moccasin is almost dead.
You die...

... #.#.# #.# .#+##
#.#.# #.# ....# #.#.#
#.# ..... #.#.###.#
##.#####.#.....#
##.............#
<..........###.#
......#..#####.########
......+.## #...@SM....
......### #...##.....
........ ......# ....
#+###.## ####...# ..(
#.. .....# .. ##...## .
#....


You could see a water moccasin and Menkaure (fast).

Vanquished Creatures
  A water moccasin (D:5)
  An ogre (D:4)
  2 phantoms
  A water moccasin zombie (Ossuary)
  A scorpion (D:4)
  2 howler monkeys
  A gnoll bouda (D:4)
  2 hounds
  A sleepcap (D:6)
  Jessica (D:2)
  An iguana (D:6)
  Ijyb (D:4)
  Terence (D:2)
  2 mummies (Ossuary)
  11 gnolls
  4 adders
  5 adder zombies (Ossuary)
  A worm (D:2)
  12 orcs
  10 ball pythons
  8 endoplasms
  5 giant cockroaches
  4 gnoll zombies (Ossuary)
  4 goblins
  6 hobgoblins
  4 jackals (D:2)
  6 quokkas
  5 bats
  9 frilled lizards
  2 goblin zombies (D:5)
  7 hobgoblin zombies (Ossuary)
  12 kobolds
  4 kobold zombies (Ossuary)
  3 orc zombies
  4 rats
144 creatures vanquished.

Notes
Turn   | Place    | Note
-------+----------+-------------------------------------------
     0 | D:1      | wildpjah the Merfolk Gladiator began the quest for the Orb.
     0 | D:1      | Reached XP level 1. HP: 16/16 MP: 1/1
    99 | D:1      | Reached XP level 2. HP: 18/22 MP: 2/2
   235 | D:1      | Reached skill level 4 in Long Blades
   681 | D:1      | Reached XP level 3. HP: 28/28 MP: 3/3
   846 | D:2      | Noticed Terence
   870 | D:2      | Killed Terence
  1297 | D:2      | Reached XP level 4. HP: 31/31 MP: 4/4
  1659 | D:2      | Noticed Jessica
  1668 | D:2      | Killed Jessica
  1669 | D:2      | Reached skill level 5 in Long Blades
  1669 | D:2      | Reached skill level 1 in Armour
  1669 | D:2      | Reached XP level 5. HP: 25/41 MP: 5/5
  2114 | D:3      | Reached skill level 1 in Stealth
  2130 | D:3      | Found a faded altar of an unknown god.
  2151 | D:3      | Prayed at the altar of an unknown god.
  2151 | D:3      | Became a worshipper of Dithmenos the Shadowed
  2151 | D:3      | Reached * piety under Dithmenos
  2575 | D:3      | Reached skill level 5 in Dodging
  3457 | D:4      | Noticed Ijyb
  3477 | D:4      | Killed Ijyb
  3498 | D:4      | Reached skill level 1 in Short Blades
  3498 | D:4      | Reached XP level 6. HP: 42/47 MP: 6/6
  3617 | D:4      | Reached ** piety under Dithmenos
  3716 | D:4      | Reached skill level 6 in Long Blades
  4061 | D:4      | Reached XP level 7. HP: 49/52 MP: 7/7
  4119 | D:5      | Entered Level 5 of the Dungeon
  4127 | D:5      | Found a staircase to the Ecumenical Temple.
  4476 | Temple   | Entered the Ecumenical Temple
  4511 | D:5      | Found a sand-covered staircase.
  4527 | Ossuary  | Entered an ossuary
  4642 | Ossuary  | Reached skill level 1 in Shields
  4943 | D:5      | Reached skill level 7 in Long Blades
  5284 | D:5      | Reached XP level 8. HP: 58/60 MP: 8/8
  5535 | D:6      | Reached *** piety under Dithmenos
  5729 | D:6      | Noticed Menkaure
  5744 | D:6      | Succumbed to a water moccasin's poison

Illustrated notes

Levels and vault maps discovered:
D:1:      ncdulo_smallfort, layout_loops_cross
D:2:      minmay_inner_zag, layout_loops_ring, uniq_jessica, uniq_terence
D:3:      layout_basic, shapermc_ecumenical_altar_ellora,
          corexii_hall_statues_deadend, nrook_mini_backslash,
          kennysheep_generic_room_12
D:4:      layout_loops_corners, uniq_ijyb
D:5:      layout_gridville, minmay_temple_entry_sparse_star, enter_ossuary_3
D:6:      layout_basic, nicolae_ru_great_annihilating_truth, uniq_menkaure
Temple:   mainiacjoe_temple_bowtie_tessellation

Skill      XL: |  1  2  3  4  5  6  7  8 |
---------------+-------------------------+-----
Long Blades    | 4 5 6 7 |  7.6
Fighting       | 3 4 |  4.2
Armour         | 1 2 |  2.1
Stealth        | 1 2 |  2.9
Dodging        | 5 6 |  6.7
Short Blades   | 1 |  1.1
Shields        | 1 2 |  2.2
Throwing       | |  2.2
Unarmed Combat | |  0.3

Action                     |  1- 3 |  4- 6 |  7- 9 || total
---------------------------+-------+-------+-------++-------
  Melee: Long sword        |    81 |   162 |   220 ||   463
         Dagger            |       |    77 |       ||    77
         Unarmed           |       |    19 |       ||    19
         Punch             |       |     4 |     4 ||     8
  Throw: Stone             |       |    16 |     3 ||    19
         Javelin           |       |     1 |     1 ||     2
         Throwing net      |       |     1 |       ||     1
         Dart              |       |       |     1 ||     1
    Use: Potion            |     1 |     2 |     1 ||     4
         Scroll            |     1 |       |     7 ||     8
   Stab: Sleeping          |     2 |     7 |     6 ||    15
 Armour: Leather armour    |    50 |    73 |    84 ||   207
         Skin              |       |     2 |       ||     2
  Dodge: Dodged            |    67 |   206 |   168 ||   441
  Block: Other             |       |    12 |    50 ||    62

Table legend: (Time is in decaauts)
 A = Elapsed time spent in this place.
 B = Non-inter-level travel time spent in this place.
 C = Inter-level travel time spent in this place.
 D = Time resting spent in this place.
 E = Time spent auto-exploring this place.
 F = Levels seen in this place.
 G = Mean time per level.
                   A        B        C        D        E       F      G
               +--------+--------+--------+--------+--------+-----+--------+
         Total |   5770 |   5450 |    320 |     24 |   4240 |   8 |  721.2 |
       Dungeon |   5525 |   5205 |    320 |     24 |   4117 |   6 |  920.8 |
        Temple |      1 |      1 |      0 |      0 |      0 |   1 |    1.0 |
       Ossuary |    243 |    243 |      0 |      0 |    123 |   1 |  243.0 |
               +--------+--------+--------+--------+--------+-----+--------+

Top non-repeatable levels by time:
     D:2: 1393 daAuts
     D:5: 1076 daAuts
     D:3: 1023 daAuts
     D:4: 1014 daAuts
     D:1: 736 daAuts
     D:6: 280 daAuts
 Ossuary: 243 daAuts
  Temple: 1 daAuts
